Unix NetHack Version 5.0.0-0 post-release - last build May  4 2026 22:22:43 (774f63e81ad911689b3a0859ea89b322d5daca8d,branch:main).

Game began 2026-05-06 16:01:11, ended 2026-05-07 06:27:38.

08245982402, neutral female human Monk

  ------    ---
 --.--.------(.
 |.........)...
 ----.(..----..
    ---.--  -..
      ---   ...
            .%f
            .@.
            .G...
            ...%-            ...
            ....|            ..=......
              .)--           -......<.
              -..---         |........
              --...|         |....
               |......     ----.|.
                 -..*---  --....|
                 --.....---..----
                  ----......--
                     |..-----

08245982402 the Novice          St:12 Dx:17 Co:12 In:12 Wi:13 Ch:9  Neutral
Dlvl:3  $:14 HP:0(25) Pw:17(17) AC:4  Xp:3 T:830 

Latest messages:
 You swap places with your kitten.
 You descend the stairs.
 You hear some noises in the distance.
 You kill the gnome!
 You hit the gnome.
 You kill the gnome!
 Welcome to experience level 2.
 There is a gnome corpse here; eat it? [ynq] (n) y
 You feel guilty.
 This gnome corpse tastes terrible!
 You finish eating the gnome corpse.
 r - a blue gem.
 You hear crashing rock.
 You hear crashing rock.
 The gnome swings his crossbow.
 The gnome hits!
 You kill the gnome!
 You hear some noises in the distance.
 You hit the gnome lord!
 The gnome lord hits!
 You hit the gnome lord!
 The gnome lord hits!
 You kill the gnome lord!
 Welcome to experience level 3.
 You feel healthy!
 You hear crashing rock.
 A dagger misses you.
 You kill the gnome!
 You hear some noises in the distance.
 You see here a leash.
 You hear some noises in the distance.
 You see here a whistle.
 You see here a whistle.
 You hear crashing rock.
 The gnome thrusts one of his daggers.
 The gnome hits!
 You kill the gnome!
 You see here 4 daggers.
 The dwarf swings his pick-axe.
 The dwarf hits!
 You hit the dwarf!
 You kill the dwarf!
 There are several objects here.
 The gnome hits!
 You die...
 Do you want your possessions identified? [ynq] (y) y
 Do you want to see your attributes? [ynq] (y) y
 Do you want an account of creatures vanquished? [ynaq] (y) y
 Do you want to see your conduct and achievements? [ynq] (y) y
 Do you want to see the dungeon overview? [ynq] (y) y

Inventory:
 Coins    ('$')
  $ - 14 gold pieces
 Weapons  (')')
  m - a +0 crossbow
 Armor    ('[')
  a - an uncursed +2 pair of leather gloves (being worn)
  b - an uncursed +1 robe (being worn)
 Comestibles  ('%')
  f - 5 uncursed apples
  e - 4 uncursed food rations
  h - 3 uncursed fortune cookies
  g - 6 uncursed oranges
 Scrolls  ('?')
  c - an uncursed scroll of teleportation
 Spellbooks  ('+')
  i - a blessed spellbook of healing
 Potions  ('!')
  p - an uncursed potion of gain energy
  d - 3 uncursed potions of healing
 Rings    ('=')
  q - an uncursed ring of searching
 Tools    ('(')
  o - an empty uncursed sack
  l - an uncursed leash
  j - a magic marker (0:22)
 Gems/Stones  ('*')
  r - an uncursed worthless piece of blue glass
  n - an uncursed worthless piece of white glass
 Boulders/Statues  ('`')
  k - an empty uncursed statue of a lichen

08245982402 the Monk's attributes:

Background:
 You were a Novice, a level 3 female human Monk.
 You were neutral, on a mission for Chih Sung-tzu
 who was opposed by Shan Lai Ching (lawful) and Huan Ti (chaotic).
 You were right-handed.
 You were in the Gnomish Mines, on level 3.
 You entered the dungeon 830 turns ago.
 You had 68 experience points, 12 more were needed to attain level 4.

Basics:
 You had 0 out of 25 hit points.
 You had all 17 energy points (spell power).
 Your armor class was 4.
 Your wallet contained 14 zorkmids.
 Autopickup was off.

Final Characteristics:
 Your strength was 12 (limit:18/100).
 Your dexterity was 17 (limit:18).
 Your constitution was 12 (limit:18).
 Your intelligence was 12 (limit:18).
 Your wisdom was 13 (limit:18).
 Your charisma was 9 (limit:18).

Final Status:
 You weren't hungry.
 You were unencumbered.
 You were empty handed.
 You had basic skill with martial arts.

Final Attributes:
 You were devoutly aligned.
 You were sleep resistant.
 You were poison resistant.
 You saw invisible.
 You were guarded.
 Your spell casting was enhanced by wearing a robe.
 You were fast.
 You are dead.

Miscellaneous:
 You didn't encounter any bones levels.
 Total elapsed playing time was 23 minutes and 54 seconds.

Major events:
 Turn
    1: 08245982402 the neutral female human Monk entered the dungeon
  740: entered the Gnomish Mines
  780: attained the rank of Novice (level 3)
  830: killed by a gnome

Spells:
 Name                 Level Category     Fail Retention
 healing                1   healing        0%  91%-100%

Skills:
 Fighting Skills
   martial arts       [Basic]
 Weapon Skills
   quarterstaff       [Unskilled]
   spear              [Unskilled]
   crossbow           [Unskilled]
   shuriken           [Unskilled]
 Spellcasting Skills
   attack spells      [Unskilled]
   healing spells     [Basic]
   divination spells  [Unskilled]
   enchantment spells [Unskilled]
   clerical spells    [Unskilled]
   escape spells      [Unskilled]
   matter spells      [Unskilled]

Voluntary challenges:
 Character rerolling was not enabled.
 You were an atheist.
 You never hit with a wielded weapon.
 You were illiterate.
 You never genocided any monsters.
 You never polymorphed an object.
 You never changed form.
 You used no wishes.
Achievements:
 You entered the Gnomish Mines.
 You attained the rank of Novice.

 The Dungeons of Doom: levels 1 to 2
    Level 1:
    Level 2:
       Many fountains.
       Stairs down to The Gnomish Mines.
 The Gnomish Mines:
    Level 3: <- You were here.
       Final resting place for
          you, killed by a gnome.


Vanquished creatures:
  a gnome leader
  a dwarf
  6 gnomes
  2 jackals
  2 sewer rats
  a grid bug
  4 newts
17 creatures vanquished.

No species were genocided or became extinct.

Game over:
                       ----------
                      /          \
                     /    REST    \
                    /      IN      \
                   /     PEACE      \
                  /                  \
                  |   08245982402    |
                  |      14 Au       |
                  |   killed by a    |
                  |      gnome       |
                  |                  |
                  |                  |
                  |       2026       |
                 *|     *  *  *      | *
        _________)/\\_//(\/(/\)/\//\/|_)_______

Goodbye 08245982402 the Monk...

You died in The Gnomish Mines on dungeon level 3 with 385 points,
and 14 pieces of gold, after 830 moves.
You were level 3 with a maximum of 25 hit points when you died.

